 Dungeon Crawl Stone Soup version 0.30-b1-2-g02819fbbbe (webtiles) character file.

Game seed: 12124475314566232263

1695 Mesmaeker13 the Trooper (level 9, 0/72 HPs)
             Began as a Barachi Hunter on July 30, 2023.
             Killed by divine providence
             ... invoked by an orc priest
              (12 damage)
             ... on level 7 of the Dungeon.
             The game lasted 00:12:52 (5116 turns).

Mesmaeker13 the Trooper (Barachi Hunter)            Turns: 5116, Time: 00:12:54

Health: 0/72       AC:  9    Str: 13    XL:     9   Next: 3%
Magic:  0/9        EV: 16    Int: 16    God:
Gold:   390        SH:  0    Dex: 19    Spells: 8/8 levels left

rFire   . . .        a - +0 arbalest
rCold   . . .        (shield currently unavailable)
rNeg    . . .        c - +0 leather armour
rPois   .            C - +0 helmet
rElec   .            (no cloak)
rCorr   .            j - +0 pair of gloves
SInv    .            (no boots)
Will    .....        J - amulet of guardian spirit
Stlth   ++           e - +6 ring of intelligence
HPRegen 0.32/turn    r - +4 ring of protection
MPRegen 0.11/turn

%: guardian spirit
@: slow
A: amphibious, slowness 1, strong legs 1, +LOS
a: Hop


You were on level 7 of the Dungeon.
You visited 2 branches of the dungeon, and saw 8 of its levels.

You collected 390 gold pieces.

Inventory:

Hand Weapons
 a - a +0 arbalest (weapon)
 p - a +1 mace of holy wrath
 q - the +5 whip of Qoqois {antimagic, +Blink rPois Str+3 Int+2}
   (You found it on level 2 of the Dungeon)

   Str:       It affects your strength (+3).
   Int:       It affects your intelligence (+2).
   rPois:     It protects you from poison.
   +Blink:    It lets you blink.
Missiles
 L - 2 curare-tipped darts
Armour
 c - a +0 leather armour (worn)
 j - a +0 pair of gloves (worn)
 C - a +0 helmet (worn)
 H - +0 fire dragon scales
Jewellery
 e - a +6 ring of intelligence (left hand)
 r - a +4 ring of protection (right hand)
 x - a ring of wizardry
 D - an amulet of faith
 J - an amulet of guardian spirit (around neck)
Wands
 y - a wand of light (1)
 B - a wand of flame (21)
 E - a wand of charming (14)
Scrolls
 b - 2 scrolls of immolation
 i - 2 scrolls of noise
 n - a scroll of amnesia {unknown}
 u - a scroll of poison {unknown}
 w - a scroll of enchant weapon {unknown}
 z - a scroll of blinking {unknown}
 A - a scroll of brand weapon {unknown}
 G - a scroll of vulnerability
 I - 2 scrolls of magic mapping {unknown}
 K - 3 scrolls of teleportation
 M - a scroll of fog
Potions
 d - 2 potions of attraction {unknown}
 f - 4 potions of curing
 g - a potion of cancellation {unknown}
 k - 2 potions of lignification
 l - 4 potions of brilliance
 m - a potion of invisibility
 o - a potion of haste {unknown}
 s - a potion of mutation
 t - a potion of flight {unknown}
 v - 2 potions of berserk rage {unknown}
 F - a potion of heal wounds {unknown}


   Skills:
 + Level 7.5 Fighting
 + Level 7.2 Ranged Weapons
 + Level 6.9 Dodging
 - Level 0.8 Stealth
 + Level 4.4 Evocations


You had 8 spell levels left.
You didn't know any spells.
Your spell library contained the following spells:

 Spells                   Type           Power      Damage    Failure   Level
 Portal Projectile        Hex/Tloc       0%         N/A       67%         3
 Tukima's Dance           Hex            0%         N/A       67%         3
 Blade Hands              Tmut           0%         N/A       100%        5


Dungeon Overview and Level Annotations

Branches:
Dungeon (7/15)             Temple (1/1) D:5

Altars:
Ashenzari
Cheibriados
Dithmenos
Elyvilon
Fedhas
Gozag
Hepliaklqana
Kikubaaqudgha
Makhleb
Nemelex Xobeh
Okawaru
Qazlal
Ru
Sif Muna
Trog
Uskayaw
Vehumet
Wu Jian
Xom
Yredelemnul
Zin
The Shining One

Annotations:
D:2 1 runed translucent door, Crazy Yiuf


Innate Abilities, Weirdness & Mutations

You are amphibious.
You cover ground slowly.
You can hop short distances.
You have an extended range of vision and can be seen from far away.


Message History

The orc warrior hits you with a +0 scimitar!
You shoot a bolt. The bolt hits the orc warrior.
The orc warrior is lightly wounded.
The orc priest looks braver for a moment.
The orc warrior misses you. x2
You shoot a bolt.
The bolt closely misses the orc warrior.
The bolt hits the orc priest.
The orc priest is lightly wounded.
The orc warrior barely misses you.
You shoot a bolt. The bolt hits the orc warrior!!
The orc warrior is almost dead.
The orc priest calls upon Beogh to heal the orc warrior.
The orc warrior hits you with a +0 scimitar!
The orc priest calls upon Beogh to heal the orc warrior.
The orc warrior hits you but does no damage.
You shoot a bolt.
The bolt closely misses the orc warrior.
The bolt closely misses the orc priest.
The orc warrior closely misses you.
The orc warrior hits you with a +0 scimitar!
You are too injured to fight recklessly!
Unknown command.
You are too injured to fight recklessly!
Fire: a) +0 arbalest
Press: ? - help, Q - select action, (/) - cycle Shift-Dir - straight line, f/p - orc warrior
Aim: an orc warrior, wielding a +0 scimitar and wearing a +0 plate armour (almost dead, 62% to hit)
You shoot a bolt. The bolt hits the orc warrior!
You kill the orc warrior!
The orc priest invokes the aid of Beogh against you.
Beogh smites you!
* * * LOW HITPOINT WARNING * * *
You have reached level 9!
Your experience leads to an increase in your attributes!
Your base attributes are Str 13, Int 10, Dex 17.
Increase (S)trength, (I)ntelligence, or (D)exterity?
You feel agile. x2
You drop a scroll of vulnerability.
The orc priest mumbles some strange prayers to Beogh against you.
Beogh smites you!
You die...

# . .# .# ###################.#
.#.#####..)))...@).o#.#....##
......<....).#.####)........#..o.
..##########.#.# #.....[.>......
..#.# ##........#.#.# ...#.#
##.#...### ....... #.#...#
.....##. ..##.## #....## .
#####.# ##..# .# #.#


You could see an orc priest.

Vanquished Creatures
  Menkaure (D:4)
  Edmund (D:4)
  A water moccasin (D:6)
  2 ice beasts
  An orc warrior (D:7)
  A black bear (D:6)
  A sky beast (D:6)
  An ogre (D:6)
  A phantom (D:5)
  A kobold brigand (D:6)
  A scorpion (D:6)
  4 hounds
  3 jellies
  A gnoll bouda (D:6)
  Ijyb (D:4)
  6 orc wizards
  Robin (D:4)
  4 gnolls (D:6)
  2 adders
  An ufetubus (D:6)
  3 dart slugs
  16 orcs
  9 ball pythons
  6 bats
  11 endoplasms
  2 giant cockroaches
  16 goblins
  6 hobgoblins
  5 jackals
  23 kobolds
  2 quokkas
  3 frilled lizards
  21 rats
158 creatures vanquished.

Vanquished Creatures (others)
  28 plants
28 creatures vanquished.

Grand Total: 186 creatures vanquished

Notes
Turn   | Place    | Note
-------+----------+-------------------------------------------
     0 | D:1      | Mesmaeker13 the Barachi Hunter began the quest for the Orb.
     0 | D:1      | Reached XP level 1. HP: 17/17 MP: 1/1
    99 | D:1      | Reached XP level 2. HP: 21/23 MP: 2/2
   443 | D:1      | Reached XP level 3. HP: 29/29 MP: 3/3
   852 | D:2      | Identified the +5 whip of Qoqois {antimagic, +Blink rPois
                  | Str+3 Int+2}
  1287 | D:2      | Found a runed translucent door.
  1288 | D:2      | Noticed Crazy Yiuf
  1520 | D:3      | Found a snail-covered altar of Cheibriados.
  1578 | D:3      | Reached XP level 4. HP: 35/35 MP: 4/4
  1586 | D:3      | Found a blossoming altar of Fedhas.
  1757 | D:3      | Found a shadowy altar of Dithmenos.
  1780 | D:3      | Found a radiant altar of Vehumet.
  1781 | D:3      | Found an ornate altar of the Wu Jian Council.
  1785 | D:3      | Found a burning altar of Makhleb.
  1785 | D:3      | Found a hide-covered altar of Uskayaw.
  1917 | D:4      | Noticed Menkaure
  1999 | D:4      | Killed Menkaure
  2000 | D:4      | Reached skill level 5 in Ranged Weapons
  2000 | D:4      | Reached XP level 5. HP: 43/43 MP: 5/5
  2006 | D:4      | Noticed Ijyb
  2010 | D:4      | Killed Ijyb
  2063 | D:4      | Noticed Edmund
  2074 | D:4      | Killed Edmund
  2075 | D:4      | Reached skill level 5 in Fighting
  2075 | D:4      | Reached XP level 6. HP: 43/51 MP: 6/6
  2137 | D:4      | Noticed Robin
  2154 | D:4      | Killed Robin
  2206 | D:4      | Reached XP level 7. HP: 12/56 MP: 2/7
  2461 | D:4      | Found an ancient bone altar of Kikubaaqudgha.
  2576 | D:4      | Reached skill level 5 in Dodging
  2864 | D:5      | Entered Level 5 of the Dungeon
  2907 | D:5      | Reached skill level 1 in Evocations
  2957 | D:5      | Found a staircase to the Ecumenical Temple.
  2968 | Temple   | Entered the Ecumenical Temple
  3249 | D:5      | Found a basalt altar of Yredelemnul.
  3908 | D:6      | Reached XP level 8. HP: 45/65 MP: 6/8
  4153 | D:6      | Found a stormy altar of Qazlal.
  4445 | D:6      | Found an iron altar of Okawaru.
  5116 | D:7      | Reached XP level 9. HP: 11/72 MP: 1/9
  5116 | D:7      | Killed from afar by an orc priest

Illustrated notes

Levels and vault maps discovered:
D:1:      sevenhm_arrival_forest_fort_large_4, layout_basic,
          minmay_misc_feat_rows
D:2:      layout_basic, serial_bayou_pond_a, minmay_tiny_reverse_x,
          uniq_crazy_yiuf_cottage
D:3:      layout_basic, kennysheep_slug_shrine, fedhas_altar_1,
          nicolae_dithmenos_the_darkroom, grunt_temple_overflow_open,
          dreamdust_princess_bridge, chequers_serial_rivers_micro_c,
          wad_floor_pattern_untrapped, minmay_fractal_squares_diagonal_5
D:4:      layout_basic, mainiacjoe_overflow_surrounded_room, minmay_rat_hole,
          uniq_edmund, uniq_ijyb, uniq_menkaure, uniq_robin
D:5:      layout_cave_pods, mainiacjoe_overflow_24_doors, temple_pool_b,
          serial_bayou_lake_a
D:6:      kennysheep_kobold_camp, layout_loops_ring, grunt_qazlal_clouds,
          okawaru_trees_1, minmay_misc_feat_five
D:7:      layout_loops_ring, minivault_19, kennysheep_nondescript,
          roderic_roman_lattice, uniq_joseph, uniq_duvessa
Temple:   jpeg_temple_clearing

Skill      XL: |  1  2  3  4  5  6  7  8 |
---------------+-------------------------+-----
Fighting       | 3 4 5 6 7 |  7.5
Dodging        | 3 4 5 6 |  6.9
Ranged Weapons | 5 6 7 |  7.2
Evocations     | 2 4 |  4.4
Stealth        | |  0.8

Action                     |  1- 3 |  4- 6 |  7- 9 || total
---------------------------+-------+-------+-------++-------
  Melee: Whip              |    16 |    31 |     6 ||    53
         Dagger            |     1 |       |       ||     1
   Fire: Shortbow          |    85 |    28 |       ||   113
         Arbalest          |       |    55 |   203 ||   258
Ability: Hop               |       |     1 |     1 ||     2
  Evoke: Wand              |       |     3 |       ||     3
    Use: Potion            |       |     3 |       ||     3
         Scroll            |       |       |     6 ||     6
 Armour: Leather armour    |     9 |    20 |    60 ||    89
         Skin              |       |    19 |       ||    19
  Dodge: Dodged            |    28 |    24 |   136 ||   188
